Map: Efflorescence LE

Players

qqq

  • Race: Protoss Protoss
  • League: Platinum
  • Spawn Location: 12:00

Massa

  • Race: Terran Terran
  • League: Platinum
  • Spawn Location: 3:00

Sparvagn

  • Race: Terran Terran
  • League: Diamond
  • Spawn Location: 6:00

Poocaker

  • Race: Zerg Zerg
  • Spawn Location: 9:00

VOD

Have the link to the VOD?

Description

Time

  • Played on: Dec. 15, 2020, 11:23 a.m.
  • Length: 13:06
Show
View Real Time Build Order
Export as new Build Order

qqq Protoss 

Build Orders:  

Get SALT Encoding   

  12  0:00  Probe  
  13  0:13  Probe  
  14  0:25  Probe  
  15  0:35  Pylon  
  15  0:53  Probe  
  15  0:56  Gateway  
  16  0:57  Gateway  
  16  1:05  Probe  
  17  1:12  Pylon  
  17  1:17  Probe  
  18  1:27  Pylon  
  18  1:32  Probe  
  19  1:55  Probe  
  19  1:57  Nexus  
  19  1:59  Zealot  
  22  2:07  Probe, Zealot  
  25  2:18  Gateway  
  25  2:19  Probe  
  26  2:25  Assimilator  
  26  2:31  Probe  
  26  2:32  Zealot  
  29  2:41  Zealot  
  29  2:43  Probe  
  32  2:51  Cybernetics Core  
  32  3:06  Probe  
  32  3:08  Zealot  
  35  3:13  Zealot  
  35  3:18  Probe  
  38  3:20  Zealot  
  40  3:31  Probe  
  41  3:35  Stalker  
  41  3:38  Probe  
  41  3:40  Stalker  
  46  3:45  Forge  
  46  3:50  Stalker  
  48  4:01  Probe, Pylon  
  48  4:02  Probe  
  50  4:07  Zealot  
  52  4:13  Probe  
  52  4:15  Probe  
  54  4:24  Photon Cannon  
  54  4:30  Pylon  
  54  4:40  Photon Cannon  
  54  4:50  Stalker x2  
  48  4:58  Stalker  
  46  5:02  Photon Cannon  
  45  5:20  Probe  
  46  5:22  Assimilator, Robotics Facility  
  46  5:33  Probe  
  47  5:39  Probe  
  48  5:45  Probe  
  49  5:52  Probe  
  51  5:57  Probe  
  51  6:03  Nexus  
  51  6:04  Probe  
  52  6:05  Pylon  
  52  6:09  Probe, Pylon  
  53  6:16  Probe  
  54  6:21  Probe, Stalker x2  
  59  6:28  Probe, Stargate  
  59  6:32  Assimilator  
  60  6:33  Probe  
  60  6:36  Assimilator  
  61  6:40  Probe  
  61  6:42  Photon Cannon  
  61  6:45  Probe, Photon Cannon  
  63  6:52  Probe  
  63  6:56  Observer  
  63  6:57  Probe  
  55  7:12  Phoenix  
  54  7:16  Probe  
  54  7:21  Observer  
  54  7:22  Photon Cannon  
  55  7:29  Probe  
  56  7:34  Probe  
  56  7:35  Probe  
  56  7:37  Phoenix  
  60  7:41  Probe  
  61  7:46  Probe  
  61  7:47  Probe  
  63  7:53  Probe  
  64  7:59  Probe x2  
  64  8:05  Probe  
  67  8:11  Probe x2  
  69  8:17  Probe  
  70  8:23  Probe x2  
  72  8:29  Probe  
  72  8:30  Fleet Beacon  
  73  8:41  Probe  
  74  8:53  Probe, Phoenix  
  73  9:18  Phoenix  
  73  9:21  Observer  
  76  9:42  Observer, Nexus  
  76  9:43  Carrier  
  76  9:45  Pylon  
  83  9:47  Photon Cannon  
  83  9:49  Photon Cannon, Pylon  
  83  9:50  Shield Battery, Assimilator  
  83  9:51  Pylon x2  
  83  9:52  Pylon  
  83  9:54  Pylon, Assimilator  
  83  9:55  Pylon  
  83  10:00  Stargate x2  
  83  10:03  Nexus  
  83  10:07  Pylon  
  83  10:10  Pylon  
  83  10:12  Pylon  
  83  10:14  Pylon  
  83  10:16  Pylon  
  83  10:17  Pylon  
  83  10:29  Photon Cannon  
  83  10:38  Photon Cannon  
  83  10:39  Photon Cannon  
  83  10:42  Photon Cannon  
  83  10:44  Photon Cannon  
  83  10:46  Shield Battery  
  83  10:47  Carrier  
  83  10:48  Shield Battery  
  89  10:56  Photon Cannon  
  89  10:57  Photon Cannon  
  89  10:59  Photon Cannon  
  89  11:01  Carrier, Shield Battery  
  95  11:04  Photon Cannon  
  95  11:06  Photon Cannon  
  95  11:25  Probe x3  
  98  11:37  Probe x2  
  98  11:38  Probe  
  100  11:42  Carrier  
  106  11:49  Probe x2  
  106  11:50  Probe  
  106  11:51  Carrier  
  106  11:52  Stalker x2  
  119  11:58  Photon Cannon, Shield Battery  
  119  12:01  Probe  
  119  12:02  Probe x2  
  128  12:14  Probe x3  
  131  12:26  Probe x3  
  129  12:38  Probe x2  
Show
View Real Time Build Order
Export as new Build Order

Massa Terran 

Build Orders:  

Get SALT Encoding   

  12  0:00  SCV  
  13  0:12  SCV  
  14  0:23  Supply Depot  
  14  0:24  SCV  
  15  0:44  SCV  
  16  0:50  Barracks  
  16  0:53  Refinery  
  16  0:56  SCV  
  17  1:09  SCV  
  18  1:21  SCV  
  19  1:33  SCV, Supply Depot  
  20  1:40  Barracks  
  20  1:45  SCV, Supply Depot  
  21  1:53  Barracks  
  21  2:04  Orbital Command  
  21  2:06  Barracks Tech Lab  
  21  2:18  Supply Depot  
  21  2:25  Reaper  
  21  2:27  Reaper  
  23  2:32  SCV  
  24  2:39  Marine  
  25  2:51  SCV  
  25  2:54  Supply Depot  
  25  2:56  Marine  
  25  2:57  Marine  
  28  2:59  Stimpack  
  28  3:13  Marine  
  28  3:15  Marauder, Marine  
  28  3:16  Supply Depot  
  32  3:31  Marine  
  32  3:33  Marine  
  34  3:36  Marauder  
  36  3:44  Engineering Bay  
  36  3:49  Marine  
  36  3:51  Marine  
  38  3:57  Marauder  
  40  4:07  Marine  
  40  4:09  Marine  
  42  4:16  Missile Turret  
  42  4:19  Marauder  
  44  4:25  Marine  
  44  4:26  Marine  
  41  4:40  Marauder  
  41  4:42  Marine  
  37  5:02  Marauder  
  37  5:04  Marine  
  32  5:23  Marauder, Missile Turret  
  23  5:44  Marauder  
  22  5:56  Marine  
  22  5:58  SCV  
  22  6:11  Marine  
  22  6:17  Barracks Tech Lab  
  23  6:20  Marine  
  24  6:27  Command Center  
  24  6:29  Marine  
  25  6:40  Concussive Shells  
  25  6:41  SCV  
  26  6:54  SCV  
  27  6:56  Missile Turret  
  27  6:59  Orbital Command  
  27  7:06  Marauder, Marine  
  30  7:28  Marauder  
  32  7:43  SCV  
  33  7:55  SCV  
  34  8:04  Factory  
  34  8:07  SCV  
  31  8:20  SCV  
  23  8:34  Marine x3  
  22  8:49  Engineering Bay  
  22  8:52  Marine x3  
  19  9:05  SCV  
  20  9:10  Marine x3  
  22  9:22  SCV  
  23  9:27  Marine  
  24  9:34  SCV  
  24  9:35  SCV  
  26  9:44  Missile Turret  
  26  9:46  SCV  
  26  9:48  SCV  
  29  10:00  SCV  
  29  10:03  Orbital Command  
  22  10:17  Marauder, Marine x2  
  22  10:20  SCV  
  25  10:25  Missile Turret  
  25  10:32  SCV  
  25  10:33  Missile Turret  
  23  10:43  Marine x3  
  22  10:53  SCV x2  
  24  11:05  SCV  
  24  11:10  SCV  
  26  11:17  SCV  
  27  11:22  SCV  
  27  11:24  Marauder, Marine  
  27  11:25  Marine  
  32  11:29  SCV  
  33  11:34  SCV  
  33  11:35  Missile Turret  
  34  11:41  SCV  
  34  11:47  SCV  
  36  11:53  SCV  
  36  12:03  Factory Tech Lab  
  36  12:09  Refinery  
  36  12:10  SCV x2  
  38  12:19  Command Center  
  38  12:22  SCV x2  
  40  12:33  Marine  
  40  12:34  Marauder, Marine  
  40  12:36  Widow Mine  
  46  12:43  SCV x2  
Show
View Real Time Build Order
Export as new Build Order

Sparvagn Terran 

Build Orders: 1/1/1, Mech, Banshee Rush 

Get SALT Encoding   

  12  0:00  SCV  
  13  0:12  SCV  
  14  0:24  SCV, Supply Depot  
  15  0:37  Refinery  
  15  0:46  SCV  
  15  0:48  Barracks  
  16  0:58  SCV  
  17  1:10  SCV  
  18  1:22  SCV  
  19  1:34  SCV  
  19  1:36  Engineering Bay  
  20  1:40  Factory  
  20  1:46  Orbital Command  
  19  1:54  Marine  
  20  2:02  Supply Depot  
  20  2:06  Refinery  
  20  2:12  Marine  
  20  2:15  SCV  
  22  2:25  Starport  
  22  2:31  Marine  
  22  2:33  SCV  
  24  2:41  Factory Tech Lab  
  24  2:46  SCV  
  24  2:49  Marine  
  26  2:57  Supply Depot  
  26  2:58  SCV  
  27  3:08  Banshee  
  27  3:09  Cloaking Field  
  30  3:14  SCV  
  31  3:20  Command Center  
  31  3:38  Factory Tech Lab  
  31  3:42  SCV  
  32  3:50  Supply Depot  
  32  3:51  Banshee  
  35  3:59  Marine, Siege Tank  
  39  4:12  Supply Depot  
  39  4:20  Marine  
  40  4:33  Banshee  
  42  4:48  SCV  
  42  4:54  Hyperflight Rotors  
  42  5:00  SCV  
  42  5:01  Orbital Command  
  43  5:12  SCV  
  44  5:14  Hellion  
  44  5:16  Banshee  
  44  5:21  Supply Depot  
  49  5:24  SCV  
  49  5:28  SCV  
  51  5:34  Refinery  
  51  5:36  SCV, Hellion  
  51  5:40  SCV  
  55  5:44  Supply Depot  
  55  5:48  Starport  
  55  5:52  SCV  
  55  5:54  SCV  
  57  5:58  Siege Tank  
  57  5:59  Banshee  
  63  6:04  SCV  
  63  6:06  SCV  
  65  6:13  Refinery  
  65  6:14  Supply Depot  
  65  6:16  SCV  
  65  6:18  SCV  
  67  6:25  Starport Tech Lab  
  67  6:27  Factory  
  67  6:28  SCV  
  67  6:30  SCV  
  69  6:35  Cyclone  
  72  6:40  SCV  
  72  6:42  SCV  
  74  6:52  Banshee x2, SCV  
  81  6:54  SCV  
  82  7:05  SCV  
  83  7:12  Siege Tank  
  83  7:28  SCV x2  
  82  7:33  Factory Reactor, Command Center  
  82  7:35  Infernal Pre-Igniter  
  82  7:38  Factory  
  82  7:40  SCV x2  
  82  7:43  Supply Depot  
  84  8:04  Viking x2  
  88  8:06  Armory  
  88  8:09  SCV x2, Armory, Supply Depot  
  90  8:39  Viking x2  
  91  8:48  Engineering Bay  
  91  8:52  Factory Reactor  
  91  8:57  Hellion x3  
  91  8:59  Supply Depot  
  91  9:02  Terran Vehicle And Ship Armor Level 1, Terran Ship Weapons Level 1  
  97  9:04  Smart Servos  
  97  9:09  Viking x2  
  101  9:18  Hellion  
  101  9:22  SCV x2  
  105  9:25  Orbital Command, Supply Depot  
  105  9:29  Refinery  
  105  9:31  Refinery  
  105  9:33  Fusion Core  
  105  9:34  SCV x2  
  105  9:36  Missile Turret  
  107  9:39  Missile Turret  
  107  9:42  Banshee  
  110  9:48  Banshee  
  113  9:54  Missile Turret  
  113  9:59  SCV x3  
  114  10:18  SCV x2  
  114  10:19  SCV  
  114  10:21  Hellion x4  
  125  10:22  Hellion  
  121  10:55  Battlecruiser x2  
  121  10:56  SCV x3  
  136  10:58  Hellion x2  
  136  10:59  Command Center  
  136  11:02  Supply Depot  
  140  11:20  Starport  
  140  11:23  Hellion x4  
  148  11:27  Supply Depot  
  150  11:33  Hellion  
  150  11:45  Hellion x3  
  153  12:02  Battlecruiser x2  
  153  12:04  Starport Tech Lab  
  165  12:21  Starport  
  153  13:00  Missile Turret  
Show
View Real Time Build Order
Export as new Build Order

Poocaker Zerg 

Build Orders: Hatch First, Roach Nydus 

Get SALT Encoding   

  12  0:00  Drone  
  13  0:09  Drone  
  14  0:22  Extractor x2  
  14  0:23  Drone x2  
  16  0:33  Overlord  
  16  0:54  Drone  
  17  0:57  Hatchery  
  17  1:01  Drone  
  17  1:02  Drone  
  18  1:10  Drone  
  19  1:17  Extractor  
  18  1:20  Spawning Pool  
  17  1:28  Drone  
  17  1:29  Drone  
  19  1:44  Drone  
  20  1:54  Drone  
  20  2:00  Extractor  
  20  2:01  Drone  
  21  2:08  Queen  
  21  2:09  Queen  
  21  2:13  Drone  
  26  2:21  Drone x2  
  28  2:24  Overlord  
  28  2:43  Drone x2  
  28  2:44  Drone x2  
  32  2:46  Lair  
  32  2:54  Drone  
  32  2:56  Drone  
  34  3:03  Drone  
  35  3:09  Drone  
  36  3:16  Roach Warren  
  36  3:17  Drone  
  36  3:19  Overlord x2  
  36  3:20  Extractor  
  36  3:23  Drone  
  36  3:37  Drone x5  
  41  3:47  Infestation Pit  
  40  3:54  Overlord x3  
  40  3:55  Overlord  
  40  3:57  Roach x2  
  44  4:13  Roach x4  
  52  4:19  Roach  
  52  4:22  Ravager x2  
  52  4:23  Roach x3  
  52  4:24  Roach  
  64  4:28  Roach  
  64  4:29  Roach  
  68  4:32  Roach  
  58  5:10  Drone x10, Extractor  
  67  5:19  Nydus Network  
  66  5:32  Overlord  
  66  5:33  Overlord  
  60  5:55  Roach x5  
  79  6:05  Burrow  
  79  6:09  Roach  
  79  6:10  Zergling x2, Roach  
  79  6:11  Zergling x2  
  85  6:15  Overseer  
  85  6:28  Roach x2  
  85  6:31  Overlord x2  
  85  6:32  Overlord  
  89  6:40  Nydus Canal  
  89  6:47  Infestor  
  97  6:54  Overlord  
  97  7:21  Roach x7  
  97  7:22  Roach x3  
  117  7:29  Nydus Canal  
  117  7:32  Roach  
  117  7:33  Roach x2  
  123  7:38  Hatchery  
  122  8:10  Zergling x2  
  122  8:11  Metabolic Boost, Zergling x2  
  124  8:18  Evolution Chamber  
  124  8:19  Evolution Chamber  
  122  8:20  Hive  
  122  8:23  Drone x2  
  122  8:24  Overlord  
  122  8:25  Overlord x3  
  124  8:38  Nydus Canal  
  124  8:45  Zergling x4  
  124  8:46  Zergling x16  
  134  9:20  Infestor x3, Roach  
  134  9:21  Roach  
  134  9:22  Roach x3  
  134  9:24  Zerg Melee Weapons Level 1, Zerg Ground Armor Level 1  
  150  9:30  Drone  
  150  9:31  Drone x2  
  153  9:38  Drone x4  
  156  9:45  Adrenal Glands  
  157  9:54  Ultralisk Cavern  
  157  9:55  Drone x6  
  157  9:58  Extractor x2, Queen  
  160  10:30  Overlord x2  
  160  10:31  Overlord x5  
  160  10:37  Drone  
  160  10:38  Drone  
  162  10:51  Nydus Canal  
  162  10:54  Ultralisk x3  
  180  10:58  Anabolic Synthesis  
  180  11:27  Ultralisk x2  
  180  11:28  Zergling x2  
  180  11:29  Zergling x14  
  190  11:42  Zergling x2, Spire  
  190  11:43  Zergling x20  
  198  11:54  Hatchery  
  197  12:03  Zergling x4  
  197  12:04  Overlord x3  
Tags
 
Add a new tag
Caveats
  • Supply blocks, unpowered buildings, or Contaminate may cause inaccurate times.
  • Supply counts are checked every 10 seconds.